 Dungeon Crawl Stone Soup version 0.28-b1-1-g3c77fb2ed1 (webtiles) character file.

Game seed: 9681383948143335520

527 Malroth the Stinger (level 7, -7/41 HPs)
             Began as an Octopode Venom Mage on Jan 30, 2022.
             Mangled by Pikel (12 damage)
             ... on level 4 of the Dungeon.
             The game lasted 00:37:33 (5289 turns).

Malroth the Stinger (Octopode Venom Mage)           Turns: 5289, Time: 00:37:35

Health: -7/41      AC:  1    Str:  8    XL:     7   Next: 23%
Magic:  8/21       EV: 13    Int: 19    God:
Gold:   77         SH:  0    Dex: 12    Spells: 7/13 levels left

rFire   . . .      SeeInvis .   (no weapon)
rCold   . . .      Faith    .   (no shield)
rNeg    . . .      Spirit   .   (helmet restricted)
rPois   .          Reflect  .   (no amulet)
rElec   .          Harm     .   d - ring of magical power
rCorr   .          Rampage  .   (no ring)
Will    .....                   (no ring)
Stlth   +++.......              (no ring)
HPRegen 0.13/turn               (no ring)
MPRegen 0.17/turn               (no ring)
                                (no ring)
                                (no ring)

@: no status effects
A: almost no armour, amphibious, 8 rings, camouflage 1, gelatinous body 1,
(nimble swimmer 1), tentacles
a: no special abilities


You were on level 4 of the Dungeon.
You visited 1 branch of the dungeon, and saw 4 of its levels.

You collected 77 gold pieces.

Inventory:

Magical Staves
 g - a staff of cold
Jewellery
 d - a ring of magical power (left tentacle)
Scrolls
 f - a scroll of blinking {unknown}
 h - a scroll of torment {unknown}
Potions
 a - 2 potions of curing
 b - a potion of cancellation {unknown}
 c - 2 potions of mutation
 e - a potion of attraction
 i - a potion of magic


   Skills:
 - Level 2.0 Dodging
 - Level 2.6 Stealth
 + Level 3.5 Spellcasting
 * Level 2.1 Conjurations
 - Level 4.0 Transmutations
 - Level 2.0 Air Magic
 * Level 6.1 Poison Magic


You had 7 spell levels left.
You knew the following spells:

 Your Spells              Type           Power      Damage    Failure   Level
a - Sting                 Tmut/Pois      88%        1d7       1%          1
b - Poisonous Vapours     Pois/Air       36%        N/A       4%          2
c - Mephitic Cloud        Conj/Pois/Air  16%        N/A       11%         3

Your spell library contained the following spells:

 Spells                   Type           Power      Damage    Failure   Level
 Wereblood                Tmut           18%        N/A       4%          2
 Olgreb's Toxic Radiance  Pois           26%        N/A       12%         4
 Sublimation of Blood     Necr           3%         N/A       22%         2
 Summon Hydra             Summ           1%         N/A       100%        7


Dungeon Overview and Level Annotations

Branches:
Dungeon (4/15)
 Temple: D:4-7

Altars:
Uskayaw
Xom
Zin

Annotations:
D:4 Pikel


Innate Abilities, Weirdness & Mutations

You cannot wear most types of armour.
You are amphibious.
You can wear up to eight rings at the same time.
Your skin changes colour to match your surroundings (Stealth+).
Your rubbery body absorbs attacks. (AC +1, EV +1)
((You are camouflaged when in or above water. (Stealth+)))
You have tentacles for arms and can constrict up to eight enemies at once.


Message History

The sting hits the lemure.
The lemure looks as sick as possible!
You kill the lemure!
That felt strangely unrewarding.
The lemure looks more healthy.
Casting: Sting (safe; 1% risk of failure)
Confirm with . or Enter, or press ? or * to list all spells.
Aiming: Sting (safe; 1% risk of failure)
Press: ? - help, Shift-Dir - straight line, f - Pikel, p - lemure
Aim: Pikel, wielding a +2 whip of flaming and wearing a +0 robe (very poisoned, 70% to hit)
The sting hits Pikel but does no damage.
Pikel looks as sick as possible!
A lemure comes into view.
Unknown command.
Casting: Sting (safe; 1% risk of failure)
Confirm with . or Enter, or press ? or * to list all spells.
Aiming: Sting (safe; 1% risk of failure)
Press: ? - help, Shift-Dir - straight line, f/p - Pikel
Aim: Pikel, wielding a +2 whip of flaming and wearing a +0 robe (moderately wounded, extremely poisoned, 70% to hit)
The sting hits Pikel but does no damage.
Pikel looks as sick as possible!
Pikel is moderately wounded.
The lemure shouts!
Pikel hits you with a +2 whip of flaming!
* * * LOW HITPOINT WARNING * * *
Pikel burns you.
* * * LOW HITPOINT WARNING * * *
You tentacle-slap Pikel but do no damage.
Your grab misses Pikel.
Pikel is heavily wounded.
A scorpion comes into view.
Pikel misses you.
You closely miss Pikel. Your grab misses Pikel.
Pikel is heavily wounded.
Pikel misses you.
You tentacle-slap Pikel but do no damage.
Your grab misses Pikel.
Pikel is heavily wounded.
The scorpion stings you.
* * * LOW HITPOINT WARNING * * *
Pikel hits you with a +2 whip of flaming!
You die...

*,,***,***,,,,,,,,* *,,,*
**,,,,,,,**,,,,,,,,* *...#
,,,,***,,**,*,****** #...# **,,*
*,,,,,*,** #5..#
**,,***,,,,,,,,* #.5.#
,,,,,,,,,,,,,,,* #...#
*##########.##,* #...#
#........^....##########...#####
#####.####....s@K555.....)......
#.# ###############...####* #.#
##.## #.# #.## #.# #..# ##.##
##.# #...# #########.#### #...#
#..[.........# #...#
#..8.......8.#


You could see Pikel (extremely poisoned), 3 lemures and a scorpion.

Vanquished Creatures
  Sigmund (D:2)
  Menkaure (D:4)
  A lemure (D:4)
  2 scorpions
  A bullfrog skeleton (D:4)
  An iguana (D:3)
  A hound skeleton (D:3)
  2 adders
  2 worms (D:2)
  3 orcs (D:3)
  3 endoplasms
  2 giant cockroaches
  3 goblins
  9 hobgoblins
  4 quokkas
  5 ball pythons
  9 bats
  2 frilled lizards
  3 kobolds
  5 rats
60 creatures vanquished.

Notes
Turn   | Place    | Note
-------+----------+-------------------------------------------
     0 | D:1      | Malroth the Octopode Venom Mage began the quest for the
                  | Orb.
     0 | D:1      | Reached XP level 1. HP: 11/11 MP: 3/3
   471 | D:1      | Reached skill level 4 in Poison Magic
   665 | D:1      | Reached XP level 2. HP: 17/17 MP: 3/5
   693 | D:1      | Learned a level 2 spell: Poisonous Vapours
  1927 | D:2      | Reached XP level 3. HP: 21/21 MP: 6/6
  2445 | D:2      | Reached skill level 1 in Air Magic
  2737 | D:2      | Found a faded altar of an unknown god.
  2751 | D:2      | Noticed Sigmund
  2767 | D:2      | Killed Sigmund
  2768 | D:2      | Reached skill level 5 in Poison Magic
  2768 | D:2      | Reached XP level 4. HP: 9/27 MP: 6/8
  2768 | D:2      | Reached XP level 5. HP: 11/31 MP: 6/9
  2973 | D:2      | Learned a level 3 spell: Mephitic Cloud
  3609 | D:3      | Reached XP level 6. HP: 22/36 MP: 10/10
  3798 | D:3      | Found a glowing silver altar of Zin.
  3801 | D:3      | Noticed an angel
  3811 | D:3      | Found a shimmering altar of Xom.
  4924 | D:4      | Reached skill level 1 in Conjurations
  4957 | D:4      | Found a hide-covered altar of Uskayaw.
  4977 | D:4      | Noticed Menkaure
  4992 | D:4      | Killed Menkaure
  4993 | D:4      | Reached skill level 6 in Poison Magic
  4993 | D:4      | Reached XP level 7. HP: 16/41 MP: 12/12
  5276 | D:4      | Noticed Pikel
  5289 | D:4      | Mangled by Pikel

Illustrated notes

Levels and vault maps discovered:
D:1:      grunt_arrival_lava_bath, layout_basic
D:2:      layout_basic, dreamdust_ecumenical_altar_angels_and_demons,
          uniq_sigmund
D:3:      layout_loops_ring, grunt_temple_overflow_order_and_chaos_1,
          minmay_vboxes
D:4:      layout_basic, eat_drink_and_be_merry_uskayaw, uniq_pikel,
          uniq_menkaure

Skill      XL: |  1  2  3  4  5  6 |
---------------+-------------------+-----
Poison Magic   | 4 5 6 |  6.1
Air Magic      | 2 |  2.0
Transmutations | 3 4 |  4.0
Spellcasting   | 3 |  3.5
Conjurations   | 2 |  2.1
Dodging        | |  2.0
Stealth        | |  2.6

Action                   |  1- 3 |  4- 6 |  7- 9 || total
-------------------------+-------+-------+-------++-------
Melee: Unarmed           |     8 |    19 |     3 ||    30
       Constrict         |     3 |     3 |       ||     6
       Tentacles         |     1 |     7 |       ||     8
       Punch             |       |     1 |       ||     1
 Cast: Sting             |    39 |    42 |     9 ||    90
       Poisonous Vapours |    37 |    22 |     4 ||    63
  Use: Scroll            |       |     6 |       ||     6
 Stab: Sleeping          |     1 |       |       ||     1
Armor: Skin              |     3 |     2 |     1 ||     6
Dodge: Dodged            |    14 |    24 |     3 ||    41
